 Dungeon Crawl Stone Soup version 0.19.1-1-g22dce08 (webtiles) character file.

74 Megalobster the Conjurer (level 4, -23/24 HPs)
             Began as a Deep Elf Conjurer on Jan 13, 2017.
             Was an Initiate of Vehumet.
             Engulfed by a cloud of flame (28 damage)
             ... on level 3 of the Dungeon.
             The game lasted 00:12:21 (2101 turns).

Megalobster the Conjurer (Deep Elf Conjurer)        Turns: 2101, Time: 00:12:22

Health: -23/24     AC:  3    Str:  6    XL:     4   Next: 10%
Magic:  12/12      EV: 13    Int: 20    God:    Vehumet [......]
Gold:   60         SH:  0    Dex: 15    Spells: 3 memorised, 5 levels left

rFire  . . .     SeeInvis .     t - +0 dagger
rCold  . . .     Gourm    .     n - +0 robe
rNeg   . . .     Faith    .     (no shield)
rPois  .         Spirit   .     k - +0 helmet
rElec  .         Reflect  .     (no cloak)
rCorr  .         Harm     .     (no gloves)
MR     .....                    (no boots)
Stlth  ++........               (no amulet)
                                (no ring)
                                (no ring)

@: no status effects
A: no striking features
a: Renounce Religion


You were on level 3 of the Dungeon.
You worshipped Vehumet.
Vehumet was noncommittal.
You were not hungry.

You visited 1 branch of the dungeon, and saw 3 of its levels.

You collected 60 gold pieces.

Inventory:

Hand Weapons
 t - a +0 dagger (weapon)
Missiles
 j - 42 arrows
 o - 3 needles of confusion
 u - 48 stones (quivered)
Armour
 e - a +0 robe
 k - a +0 helmet (worn)
 n - a +0 robe (worn)
Scrolls
 d - a scroll of recharging {unknown}
 i - 4 scrolls of identify {unknown}
 l - a scroll of fog {unknown}
 q - 2 scrolls of remove curse {unknown}
 s - 2 scrolls of noise {unknown}
Potions
 g - a potion of magic {unknown}
 m - a potion of invisibility {unknown}
 p - a potion of curing {unknown}
 w - a potion of heal wounds {unknown}
 x - a potion of brilliance {unknown}
Books
 b - a book of Conjurations

   Spells                             Type                      Level
   a - Magic Dart                     Conjuration                  1
   b - Searing Ray                    Conjuration                  2
   c - Dazzling Spray                 Conjuration/Hexes            3
   d - Fulminant Prism                Conjuration/Hexes            4
   e - Iskenderun's Mystic Blast      Conjuration                  4
   f - Iskenderun's Battlesphere      Conjuration/Charms           5
Comestibles
 a - a beef jerky
 c - 2 bread rations
 h - a royal jelly
 v - 4 chunks of flesh
 z - a meat ration


   Skills:
 - Level 2.4 Dodging
 - Level 2.4 Stealth
 + Level 4.1 Spellcasting
 * Level 5.7 Conjurations


You had 5 spell levels left.
You knew the following spells:

 Your Spells              Type           Power        Failure   Level  Hunger
a - Magic Dart            Conj           ####         1%          1    None
b - Searing Ray           Conj           ####..       1%          2    #......
c - Dazzling Spray        Conj/Hex       ###...       14%         3    ###....


Dungeon Overview and Level Annotations

Branches:
Dungeon (3/15)

Altars:
Gozag
Vehumet
Xom


Message History

There is a stone staircase leading up here.
Really walk into a travel-excluded area?
Uppercase [Y]es or [N]o only, please.
Really walk into a travel-excluded area?
There is a stone staircase leading up here.
Press: ? - help, v - describe, . - travel The floor.
There is a cloud of flame here.
Really walk into that cloud of flame?
Uppercase [Y]es or [N]o only, please.
Really walk into that cloud of flame?
You are engulfed in roaring flames.
Ouch! That really hurt!
* * * LOW HITPOINT WARNING * * *
There is a radiant altar of Vehumet here.
You kneel at the altar of Vehumet.
Vehumet welcomes you!
You are engulfed in roaring flames.
Ouch! That really hurt!
You die...

#.# ... #.#
#.# # #.#
..
###<####...
#...§......
#.§.§.?....
#§§@.§.....
#.§.§§.###.
#.....##
##...##
#...# #...#
#.... #..##


There were no monsters in sight!

Vanquished Creatures
  2 adders (D:2)
  An ooze (D:2)
  A worm (D:2)
  4 dart slugs
  5 bats
  2 giant cockroaches (D:1)
  3 goblins
  4 hobgoblins
  7 kobolds
  A quokka (D:2)
  2 frilled lizards
  7 rats
39 creatures vanquished.

Notes
Turn   | Place    | Note
-------+----------+-------------------------------------------
     0 | D:1      | Megalobster the Deep Elf Conjurer began the quest for the Orb.
     0 | D:1      | Reached XP level 1. HP: 10/10 MP: 6/6
   464 | D:1      | Reached XP level 2. HP: 15/15 MP: 6/8
   637 | D:1      | Reached skill level 5 in Conjurations
   809 | D:1      | Learned a level 2 spell: Searing Ray
  1101 | D:2      | Reached XP level 3. HP: 17/19 MP: 5/10
  1307 | D:2      | Found an opulent altar of Gozag.
  1647 | D:2      | Learned a level 3 spell: Dazzling Spray
  1799 | D:2      | Reached XP level 4. HP: 22/24 MP: 8/12
  2060 | D:2      | Found a shimmering altar of Xom.
  2095 | D:3      | Found a radiant altar of Vehumet.
  2101 | D:3      | Became a worshipper of Vehumet
  2101 | D:3      | Engulfed by a cloud of flame

Skill      XL: |  1  2  3 |
---------------+----------+-----
Conjurations   | 5 |  5.7
Spellcasting   | 4 |  4.1
Dodging        | |  2.4
Stealth        | |  2.4

Action                   |  1- 3 |  4- 6 || total
-------------------------+-------+-------++-------
Melee: Dagger            |     6 |       ||     6
 Cast: Magic Dart        |    62 |     8 ||    70
       Searing Ray       |     3 |     1 ||     4
  Eat: Bread ration      |     1 |       ||     1
       Chunk             |     1 |       ||     1
Armor: Robe              |     6 |       ||     6
Dodge: Dodged            |     8 |     1 ||     9
